 Dungeon Crawl Stone Soup version 0.29.0-4-gdea44cf6ec (webtiles) character file.

Game seed: 7208706917809301601

2 qw the Caller (level 1, 0/14 HPs)
             Began as a Ghoul Summoner on Sept 10, 2022.
             Slain by a goblin
             ... wielding a +0 dagger
              (4 damage)
             ... on level 1 of the Dungeon.
             The game lasted 00:00:04 (187 turns).

qw the Caller (Ghoul Summoner)                       Turns: 187, Time: 00:00:05

Health: 0/14       AC:  2    Str: 11    XL:     1   Next: 40%
Magic:  0/2        EV: 12    Int: 10    God:
Gold:   16         SH:  0    Dex:  9    Spells: 2/3 levels left

rFire   . . .      SeeInvis .   (no weapon)
rCold   + . .      Faith    .   (no shield)
rNeg    + + +      Spirit   .   a - +0 robe
rPois   inf        Reflect  .   (no helmet)
rElec   .          Harm     .   (no cloak)
rCorr   .          Rampage  .   (no gloves)
Will    .....                   (no boots)
Stlth   ++........              (no amulet)
HPRegen 0.00/turn               (no ring)
MPRegen 0.08/turn               (no ring)

@: inhibited regen
A: claws 1, cold resistance 1, negative energy resistance 3, inhibited
regeneration, torment resistance 2, devour on kill
a: no special abilities


You were on level 1 of the Dungeon.
You visited 1 branch of the dungeon, and saw 1 of its levels.

You collected 16 gold pieces.


Innate Abilities, Weirdness & Mutations

You are immune to poison.
You have sharp fingernails.
Your flesh is cold resistant. (rC+)
You are immune to negative energy. (rN+++)
You do not regenerate when monsters are visible.
You are immune to unholy pain and torment.
You thrive by killing the living.


   Skills:
 + Level 0.6 Axes
 - Level 1.7 Dodging
 - Level 2.1 Stealth
 - Level 1.7 Spellcasting
 - Level 3.6 Summonings


You had 2 spell levels left.
You knew the following spells:

 Your Spells              Type           Power      Damage    Failure   Level
a - Summon Small Mammal   Summ           32%        N/A       8%          1

Your spell library contained the following spells:

 Spells                   Type           Power      Damage    Failure   Level
 Call Imp                 Summ           8%         N/A       11%         2
 Call Canine Familiar     Summ           8%         N/A       22%         3
 Summon Guardian Golem    Hex/Summ       4%         N/A       43%         3
 Summon Lightning Spire   Summ/Air       4%         N/A       83%         4

Inventory:

Armour
 a - a +0 robe (worn)
Jewellery
 c - a +6 ring of intelligence
Potions
 b - a potion of magic

Dungeon Overview and Level Annotations

Branches:
Dungeon (1/15)

Altars:


Message History

The kobold closely misses you.
You scratch the kobold.
You kill the kobold!
The kobold throws a stone.
The stone barely misses you. The stone hits your rat.
You closely miss the kobold. The kobold hits you but does no damage.
A goblin comes into view. It is wielding a +0 dagger.
You miss the kobold. The kobold hits you with a +0 dagger.
180 ||| CASTING Summon Small Mammal
Casting: Summon Small Mammal (safe; 8% risk of failure)
Confirm with . or Enter, or press ? or * to list all spells.
Your bat disappears in a puff of smoke!
The kobold barely misses you.
You barely miss the kobold. Your bat hits the kobold.
Your bat hits the kobold but does no damage.
The kobold hits you with a +0 dagger.
You barely miss the kobold.
The kobold is moderately wounded.
Your bat hits the goblin.
Your bat completely misses the kobold.
The kobold hits you with a +0 dagger.
You closely miss the kobold.
The kobold is moderately wounded.
Your bat barely misses the kobold.
Your bat hits the kobold but does no damage.
The kobold barely misses you.
Your bat closely misses the goblin.
The goblin hits your bat with a +0 dagger.
You scratch the kobold.
You kill the kobold!
You feel better.
Your bat hits the goblin.
Your bat closely misses the goblin.
The goblin hits your bat with a +0 dagger.
Your bat dies!
Your bat's corpse disappears in a puff of smoke!
You miss the goblin.
The goblin is heavily wounded.
The goblin hits you with a +0 dagger.
You die...

#.......#
#.....###
#########
#.###.# #.#
#.########
#.###.........
#........#####
# #r######## #
#.# #
..########.# #
......g@r..# #
..########.#
#.# ..# #.#
#.# #.# .#


You could see a goblin (ally target) and a friendly rat (summoned).

Vanquished Creatures
  A giant cockroach (D:1)
  2 kobolds (D:1)
3 creatures vanquished.

Notes
Turn   | Place    | Note
-------+----------+-------------------------------------------
     0 | D:1      | qw the Ghoul Summoner began the quest for the Orb.
     0 | D:1      | Reached XP level 1. HP: 14/14 MP: 2/2
     0 | D:1      | 0 ||| qw: Version: 0.1-a-116-g5d60599
     0 | D:1      | 0 ||| qw: Game counter: 7563
     0 | D:1      | 0 ||| qw: Always use a shield: true
     0 | D:1      | 0 ||| qw: God list: Okawaru
     0 | D:1      | 0 ||| qw: Allow faded altars: false
     0 | D:1      | 0 ||| qw: Do Orc after D:15 true
     0 | D:1      | 0 ||| qw: Do second Lair branch before Depths: true
     0 | D:1      | 0 ||| qw: Lair rune preference: random
     0 | D:1      | 0 ||| qw: Plans: Normal
     0 | D:1      | 0 ||| PLANNING D:1-11
    56 | D:1      | 56 ||| CASTING Summon Small Mammal
    57 | D:1      | 57 ||| CASTING Summon Small Mammal
   155 | D:1      | 155 ||| CASTING Summon Small Mammal
   156 | D:1      | 156 ||| CASTING Summon Small Mammal
   168 | D:1      | 168 ||| CASTING Summon Small Mammal
   180 | D:1      | 180 ||| CASTING Summon Small Mammal
   182 | D:1      | HP: 2/14 [kobold/+0 dagger (3)]
   187 | D:1      | Slain by a goblin

Levels and vault maps discovered:
D:1:      evilmike_arrival_fibonacci_small, layout_loops_ring

Action                   || total
-------------------------++-------
Melee: Unarmed           ||    14
 Cast: Summon Small Mamm ||     6
Armor: Robe              ||     2
Dodge: Dodged            ||     6

Table legend:
 A = Non-vault XP
 B = Vault XP
 C = Vault XP percentage of total XP
 D = Non-vault monster count
 E = Vault monster count
 F = Vault count percentage of total count
                 A         B        C        D         E       F
            +---------+---------+-------+---------+---------+-------
      Total |       4 |       0 |   0.0 |       3 |       0 |   0.0
            +---------+---------+-------+---------+---------+-------
        D:1 |       4 |       0 |   0.0 |       3 |       0 |   0.0
            +---------+---------+-------+---------+---------+-------
